 Dungeon Crawl Stone Soup version 0.31.0-11-ge490571c62 (webtiles) character file.

Game seed: 4377517507966825802

60302 Ashen the Covert (level 14, -1/109 HPs)
             Began as a Gnoll Enchanter on Feb 4, 2024.
             Was a Follower of Uskayaw.
             Engulfed by a cloud of freezing vapour (27 damage)
             ... in an ice cave.
             The game lasted 01:29:40 (25049 turns).

Ashen the Covert (Gnoll Enchanter)                 Turns: 25049, Time: 01:29:40

Health: -1/109     AC: 18    Str:  7    XL:     14   Next: 98%
Magic:  29/29      EV: 21    Int: 17    God:    Uskayaw [*.....]
Gold:   1281       SH:  7    Dex: 16    Spells: 24/35 levels left

rFire   + . .        u - +1 dagger (speed)
rCold   . . .        D - +0 buckler
rNeg    . . .        p - +2 leather armour {rF+}
rPois   .            T - +2 hat
rElec   .            a - +2 cloak
rCorr   .            M - +2 pair of gloves
SInv    .            W - +2 pair of boots {rampage}
Will    ++...        (no amulet)
Stlth   +++++        E - +5 ring of evasion
HPRegen 0.38/turn    s - ring of willpower
MPRegen 0.21/turn

%: rampage
@: no status effects
A: fangs 1, strong nose, distributed training
a: Renounce Religion, Stomp


You were in an ice cave.
You worshipped Uskayaw.
Uskayaw was aware of your devotion.
You visited 3 branches of the dungeon, and saw 18 of its levels.
You also visited: Sewer, Bailey and Ice Cave.

You collected 1281 gold pieces.

Inventory:

Hand Weapons
 u - a +1 dagger of speed (weapon)
 H - a +0 great sword
 I - a +4 scimitar of flaming
 J - a +1 dagger
Missiles
 U - 16 poisoned darts
Armour
 a - a +2 cloak (worn)
 p - a +2 leather armour of fire resistance (worn)
 D - a +0 buckler (worn)
 K - the +1 robe of the Hills {rElec rF+ Archmagi}
   (You found it on level 5 of the Lair of Beasts)

   rF+:       It protects you from fire.
   rElec:     It insulates you from electricity.
   Archmagi:  It increases the power of your magical spells.
 M - a +2 pair of gloves (worn)
 T - a +2 hat (worn)
 W - a +2 pair of boots of rampaging (worn)
Jewellery
 d - a ring of positive energy
 s - a ring of willpower (right hand)
 E - a +5 ring of evasion (left hand)
 N - a ring of protection from fire
Wands
 h - a wand of quicksilver (8)
 A - a wand of charming (8)
 F - a wand of flame (8)
 L - a wand of roots (6)
 Y - a wand of mindburst (8)
Scrolls
 e - a scroll of blinking {unknown}
 f - 4 scrolls of teleportation
 i - 3 scrolls of poison
 r - 5 scrolls of vulnerability
 v - 3 scrolls of revelation
 w - 3 scrolls of noise
 x - 2 scrolls of enchant weapon
 y - a scroll of brand weapon {unknown}
 B - 4 scrolls of fog
 G - 2 scrolls of torment {unknown}
 O - 2 scrolls of summoning {unknown}
 Q - 2 scrolls of fear {unknown}
 R - a scroll of amnesia {unknown}
 S - a scroll of enchant armour {unknown}
Potions
 b - 2 potions of magic
 c - a potion of lignification
 g - a potion of brilliance {unknown}
 j - 2 potions of cancellation
 k - 4 potions of mutation
 l - 5 potions of might
 m - 4 potions of enlightenment
 n - 6 potions of curing
 o - a potion of ambrosia
 q - 2 potions of degeneration
 t - 3 potions of attraction
 z - 6 potions of haste
 C - a potion of resistance
 P - 2 potions of heal wounds
 Z - 2 potions of invisibility
Miscellaneous
 V - a phial of floods


   Skills:
 + Level 9.9 Fighting
 + Level 10.3 Short Blades
 + Level 9.9 Long Blades
 + Level 9.9 Axes
 + Level 9.9 Maces & Flails
 + Level 9.9 Polearms
 + Level 9.9 Staves
 + Level 9.9 Ranged Weapons
 + Level 9.9 Throwing
 + Level 9.9 Armour
 + Level 10.9 Dodging
 + Level 11.5 Stealth
 + Level 9.9 Shields
 + Level 9.9 Unarmed Combat
 + Level 11.1 Spellcasting
 + Level 8.3 Conjurations
 + Level 10.0 Hexes
 + Level 8.3 Summonings
 + Level 8.3 Necromancy
 + Level 8.3 Translocations
 + Level 8.3 Fire Magic
 + Level 8.3 Ice Magic
 + Level 8.3 Air Magic
 + Level 8.3 Earth Magic
 + Level 8.3 Alchemy
 + Level 10.8 Invocations
 + Level 9.9 Evocations
 + Level 9.1 Shapeshifting


You had 24 spell levels left.
You knew the following spells:

 Your Spells              Type           Power      Damage    Failure   Level
a - Ensorcelled Hibernat  Hex/Ice        80%        N/A       1%          2
b - Confusing Touch       Hex            43%        N/A       1%          3
c - Tukima's Dance        Hex            43%        N/A       1%          3
d - Dazzling Flash        Conj/Hex       80%        N/A       1%          3

Your spell library contained the following spells:

 Spells                   Type           Power      Damage    Failure   Level
 Shock                    Conj/Air       100%       1d9       1%          1
 Scorch                   Fire           74%        2d8       1%          2
 Ozocubu's Armour         Ice            37%        N/A       1%          3
 Swiftness                Air            37%        N/A       1%          3
 Volatile Blastmotes      Fire/Tloc      74%        2d16      1%          3
 Airstrike                Air            18%        2d(3-19)  4%          4
 Flame Wave               Conj/Fire      37%        2d10      4%          4
 Fulminant Prism          Conj/Alch      18%        3d10      4%          4
 Iskenderun's Mystic Bla  Conj/Tloc      37%        2d9       4%          4
 Metabolic Englaciation   Hex/Ice        20%        N/A       10%         5
 Sculpt Simulacrum        Ice/Alch       18%        N/A       58%         6
 Summon Cactus Giant      Summ           18%        N/A       58%         6


Dungeon Overview and Level Annotations

Branches:
Dungeon (12/15)            Temple (1/1) D:4            Lair (5/5) D:9
  Swamp (0/4) Lair:2        Snake (0/4) Lair:3        Slime (0/5) Lair:5
  Sewer (visited)          Bailey (visited)           IceCv (1/1)
    Orc: D:9-12

Altars:
Ashenzari
Cheibriados
Dithmenos
Elyvilon
Fedhas
Gozag
Hepliaklqana
Kikubaaqudgha
Makhleb
Nemelex Xobeh
Okawaru
Qazlal
Ru
Sif Muna
Trog
Uskayaw
Vehumet
Wu Jian
Xom
Yredelemnul
Zin
The Shining One

Shops:
D:6 [

Annotations:
D:2 1 runed translucent door, Crazy Yiuf
D:4 1 exclusion
D:11 Fannar
Lair:1 1 runed translucent door, 7tar4e's ghost, journeyman FeSh
Lair:2 2 transporters, dakkaduck's ghost, journeyman MiBe


Innate Abilities, Weirdness & Mutations

You have very sharp teeth.
Your uncanny sense of smell can sniff out nearby items.
Your experience applies equally to all skills.


Message History

Press: ? - help, Shift-Dir - straight line, f/p - freezing wraith
Aim: a freezing wraith (chance to confuse on hit: 50%, 76% to hit)
The puff of flame hits the freezing wraith.
The freezing wraith is burned terribly!
The freezing wraith is lightly damaged.
You hit the freezing wraith but do no damage.
The freezing wraith is lightly damaged.
You hit the freezing wraith but do no damage.
The freezing wraith is lightly damaged.
The freezing wraith misses you. You block the freezing wraith's attack.
You hit the freezing wraith but do no damage.
The freezing wraith appears confused.
The freezing wraith is lightly damaged.
You completely miss the freezing wraith.
You bite the freezing wraith, but do no damage.
The freezing wraith is lightly damaged.
You hit the freezing wraith but do no damage.
The freezing wraith is lightly damaged.
You hit the freezing wraith but do no damage.
The freezing wraith is lightly damaged.
You hit the freezing wraith but do no damage.
The freezing wraith is lightly damaged.
You block the freezing wraith's attack.
The freezing wraith completely misses you.
You hit the freezing wraith but do no damage.
The freezing wraith is lightly damaged.
You catch the helpless freezing wraith completely off-guard!
You impale the freezing wraith!!
The freezing wraith is severely damaged.
You catch the helpless freezing wraith completely off-guard!
You impale the freezing wraith!!
You destroy the freezing wraith!
You can now pass through a line of other dancers.
You start resting.
Magic restored.
You are engulfed in freezing vapours.
You are engulfed in freezing vapours.
* * * LOW HITPOINT WARNING * * *
You are engulfed in freezing vapours.
You die...

#.......#
#...∩...#
######.....## .
##...###...##
...#.#...##...##
.......§§.##...#
....##§§§###...#
.... #°☼§§#...##
... ##§§§@..##
.# #.##○.##
#####..# ##..#
..# ...# .....
...... .Z..


There were no monsters in sight!

Vanquished Creatures
  An orc warlord (Bailey)
  An ice dragon (Lair:5)
  3 hydras
  A catoblepas (Lair:4)
  Erica (D:9)
  3 death yaks
  A tengu warrior (D:12)
  4 boulder beetles
  A skyshark (Lair:5)
  A swamp dragon (Lair:5)
  Pikel (D:4)
  2 orc knights (Bailey)
  A wolf spider (Lair:5)
  A manticore (D:11)
  Maurice (D:9)
  A cyclops (D:11)
  Joseph (Lair:1)
  3 elephants (Lair:5)
  A guardian serpent (Lair:5)
  9 black mambas
  A gargoyle (D:10)
  9 cane toads
  6 rime drakes
  A torpor snail (Lair:5)
  An unseen horror (D:11)
  7 komodo dragons
  A freezing wraith (IceCv)
  A kobold demonologist (D:11)
  5 polar bears
  A troll (D:9)
  3 hornets (Lair:5)
  8 dream sheep
  9 blink frogs (Lair:4)
  A wraith (D:11)
  3 shadows
  A vampire (D:10)
  A spriggan (D:10)
  22 yaks
  18 wyverns
  5 basilisks
  5 steam dragons
  4 redbacks (Lair:5)
  3 nagas (Lair:3)
  4 acid dragons
  28 water moccasins
  Pargi (Sewer)
  A swamp drake (Lair:5)
  6 ice beasts
  8 orc warriors
  3 sky beasts
  6 black bears
  3 ogres
  25 wolves
  2 centaurs
  A lemure (D:5)
  2 phantoms
  A kobold brigand (D:8)
  16 bullfrogs
  A two-headed ogre simulacrum (D:12)
  3 cane toad simulacra
  2 gnoll sergeants
  5 scorpions
  6 wights
  2 elephant simulacra (IceCv)
  20 killer bees
  8 electric eels
  5 howler monkeys
  4 orc priests
  3 bombardier beetles
  5 hounds
  5 jellies
  A sleepcap (D:8)
  7 hell rats (Lair:4)
  4 orc wizards
  7 iguanas
  3 spriggan simulacra (D:12)
  2 troll simulacra (D:12)
  A wolf simulacrum (D:12)
  14 gnolls
  6 adders
  2 shadow imps
  A white imp (D:6)
  3 ufetubi
  12 dart slugs
  A ribbon worm (D:6)
  37 orcs
  6 bats
  11 endoplasms
  7 giant cockroaches
  11 hobgoblins
  10 jackals
  19 kobolds
  9 quokkas
  9 ball pythons
  6 frilled lizards
  24 goblins
  5 rats
548 creatures vanquished.

Vanquished Creatures (collateral kills)
  An ogre (D:6)
  An orc warrior (Bailey)
2 creatures vanquished.

Vanquished Creatures (others)
  4 dancing weapons
  2 orcs (Bailey)
6 creatures vanquished.

Grand Total: 556 creatures vanquished

Notes
Turn   | Place    | Note
-------+----------+-------------------------------------------
     0 | D:1      | Ashen the Gnoll Enchanter began the quest for the Orb.
     0 | D:1      | Reached XP level 1. HP: 13/13 MP: 6/6
   157 | D:1      | Reached XP level 2. HP: 19/19 MP: 7/7
   160 | D:1      | Learned a level 2 spell: Ensorcelled Hibernation
   334 | D:1      | Reached skill level 5 in Spellcasting
   334 | D:1      | Reached XP level 3. HP: 13/25 MP: 7/9
   479 | D:1      | Reached skill level 1 in Invocations
   630 | D:1      | Found a faded altar of an unknown god.
   705 | D:1      | Reached skill level 1 in Fighting
   705 | D:1      | Reached skill level 1 in Long Blades
   705 | D:1      | Reached skill level 1 in Axes
   705 | D:1      | Reached skill level 1 in Maces & Flails
   705 | D:1      | Reached skill level 1 in Polearms
   705 | D:1      | Reached skill level 1 in Staves
   705 | D:1      | Reached skill level 1 in Ranged Weapons
   705 | D:1      | Reached skill level 1 in Throwing
   705 | D:1      | Reached skill level 1 in Armour
   705 | D:1      | Reached skill level 1 in Shields
   705 | D:1      | Reached skill level 1 in Unarmed Combat
   705 | D:1      | Reached skill level 1 in Evocations
  1217 | D:2      | Found a bloodstained altar of Trog.
  1287 | D:2      | Reached skill level 1 in Shapeshifting
  1287 | D:2      | Reached XP level 4. HP: 32/32 MP: 11/11
  1623 | D:2      | Found a runed translucent door.
  1624 | D:2      | Noticed Crazy Yiuf
  2629 | D:3      | Reached skill level 1 in Conjurations
  2629 | D:3      | Reached skill level 1 in Summonings
  2629 | D:3      | Reached skill level 1 in Necromancy
  2629 | D:3      | Reached skill level 1 in Translocations
  2629 | D:3      | Reached skill level 1 in Fire Magic
  2629 | D:3      | Reached skill level 1 in Ice Magic
  2629 | D:3      | Reached skill level 1 in Air Magic
  2629 | D:3      | Reached skill level 1 in Earth Magic
  2629 | D:3      | Reached skill level 1 in Alchemy
  3322 | D:3      | Learned a level 3 spell: Confusing Touch
  3326 | D:3      | Learned a level 3 spell: Tukima's Dance
  3330 | D:3      | Learned a level 3 spell: Dazzling Flash
  3380 | D:4      | Found a staircase to the Ecumenical Temple.
  3381 | D:4      | Noticed a phantom
  3388 | D:3      | Reached XP level 5. HP: 31/37 MP: 12/12
  3662 | Temple   | Entered the Ecumenical Temple
  3730 | Temple   | Became a worshipper of Uskayaw the Reveller
  3846 | D:4      | Reached * piety under Uskayaw
  3922 | D:4      | Reached ** piety under Uskayaw
  3934 | D:4      | Reached *** piety under Uskayaw
  3935 | D:4      | Killed a phantom
  3936 | D:4      | Reached skill level 5 in Dodging
  3936 | D:4      | Reached XP level 6. HP: 44/44 MP: 14/14
  3936 | D:4      | Reached **** piety under Uskayaw
  4509 | D:4      | Found a staircase to the Ecumenical Temple.
  4832 | D:5      | Entered Level 5 of the Dungeon
  4866 | D:5      | Noticed a black bear
  4930 | D:5      | Killed a black bear
  4931 | D:5      | Reached XP level 7. HP: 51/51 MP: 15/15
  5655 | D:5      | Noticed Pikel
  5704 | D:4      | Killed Pikel
  5705 | D:4      | Reached XP level 8. HP: 18/58 MP: 17/17
  6240 | D:6      | Found a glowing drain.
  6261 | Sewer    | Entered a sewer
  6359 | Sewer    | Noticed Pargi
  6366 | Sewer    | Killed Pargi
  6456 | D:6      | Found Wiucuon's Armour Emporium.
  6467 | D:6      | Reached XP level 9. HP: 65/65 MP: 18/18
  6739 | D:6      | Reached skill level 5 in Short Blades
  7717 | D:7      | Reached skill level 5 in Invocations
  8101 | D:7      | Found an opulent altar of Gozag.
  8108 | D:7      | Identified the ring of Onumic {rF++ rCorr Str+6 Int-4
                  | Dex+3}
  8409 | D:8      | Reached skill level 5 in Fighting
  8409 | D:8      | Reached skill level 5 in Long Blades
  8409 | D:8      | Reached skill level 5 in Axes
  8409 | D:8      | Reached skill level 5 in Maces & Flails
  8409 | D:8      | Reached skill level 5 in Polearms
  8409 | D:8      | Reached skill level 5 in Staves
  8409 | D:8      | Reached skill level 5 in Ranged Weapons
  8409 | D:8      | Reached skill level 5 in Throwing
  8409 | D:8      | Reached skill level 5 in Armour
  8409 | D:8      | Reached skill level 5 in Shields
  8409 | D:8      | Reached skill level 5 in Unarmed Combat
  8409 | D:8      | Reached skill level 5 in Evocations
  8409 | D:8      | Reached XP level 10. HP: 17/74 MP: 18/20
  9641 | D:8      | Reached skill level 5 in Shapeshifting
  9657 | D:8      | Reached ***** piety under Uskayaw
 10554 | D:9      | Reached skill level 5 in Conjurations
 10554 | D:9      | Reached skill level 5 in Summonings
 10554 | D:9      | Reached skill level 5 in Necromancy
 10554 | D:9      | Reached skill level 5 in Translocations
 10554 | D:9      | Reached skill level 5 in Fire Magic
 10554 | D:9      | Reached skill level 5 in Ice Magic
 10554 | D:9      | Reached skill level 5 in Air Magic
 10554 | D:9      | Reached skill level 5 in Earth Magic
 10554 | D:9      | Reached skill level 5 in Alchemy
 10571 | D:9      | Reached XP level 11. HP: 81/81 MP: 16/22
 10603 | D:9      | Found a staircase to the Lair.
 10859 | D:9      | Noticed Maurice
 10903 | D:9      | Something stole a ring of magical power
 10907 | D:9      | Something stole a +0 great sword
 10909 | D:9      | Something stole 303 gold
 11182 | D:9      | Found a broken altar of Ashenzari.
 11380 | D:9      | Maurice stole a +1 dagger
 11430 | D:9      | Killed Maurice
 11640 | D:9      | Noticed Erica
 11645 | D:9      | Killed Erica
 11864 | D:10     | Entered Level 10 of the Dungeon
 12049 | D:10     | Found a flagged portal.
 12189 | Bailey   | Entered a bailey
 12699 | Bailey   | Noticed an orc knight
 12745 | Bailey   | Killed an orc knight
 12896 | Bailey   | Noticed an orc knight
 12923 | Bailey   | Killed an orc knight
 13091 | Bailey   | Noticed an orc warlord
 13315 | Bailey   | Reached XP level 12. HP: 91/91 MP: 23/25
 13366 | Bailey   | Killed an orc warlord
 13696 | D:10     | Identified the -1 hat of Terrible Liberty {rF+}
 14035 | D:10     | Found a hazy altar of Hepliaklqana.
 14653 | D:11     | Noticed a boulder beetle
 14674 | D:11     | Killed a boulder beetle
 14954 | D:11     | Noticed Fannar
 15158 | D:11     | Reached skill level 10 in Stealth
 15158 | D:11     | Reached XP level 13. HP: 86/98 MP: 14/26
 16181 | Lair:1   | Entered Level 1 of the Lair of Beasts
 16316 | Lair:1   | Noticed Joseph
 16482 | Lair:1   | Found a runed translucent door.
 16485 | Lair:1   | Killed Joseph
 16487 | Lair:1   | Identified the +7 spear of Peril {protect, ^Fragile rN+++
                  | SInv}
 16487 | Lair:1   | Noticed 7tar4e's ghost (journeyman FeSh)
 17840 | Lair:2   | Noticed dakkaduck's ghost (journeyman MiBe)
 18058 | Lair:2   | Found a transporter.
 18408 | Lair:2   | Found a staircase to the Swamp.
 18450 | Lair:2   | Found a transporter.
 18608 | Lair:2   | Reached skill level 10 in Spellcasting
 18733 | Lair:3   | Found a staircase to the Snake Pit.
 20019 | Lair:4   | Reached skill level 10 in Dodging
 20492 | Lair:4   | Reached XP level 14. HP: 97/108 MP: 8/28
 21104 | Lair:5   | Entered Level 5 of the Lair of Beasts
 21290 | Lair:5   | Reached skill level 10 in Invocations
 22561 | Lair:5   | Reached skill level 10 in Short Blades
 23049 | Lair:5   | Found a staircase to the Slime Pits.
 23607 | Lair:5   | Identified the +1 robe of the Hills {rElec rF+ Archmagi}
 24183 | Lair:5   | Reached skill level 10 in Hexes
 24211 | Lair:5   | Identified the +3 ring mail of Tender Moments {Fly Str+3
                  | Dex+2 Slay-2 SInv}
 24751 | D:12     | Found a frozen archway.
 24878 | IceCv    | Entered an ice cave
 25049 | IceCv    | Engulfed by a cloud of freezing vapour

Illustrated notes

Levels and vault maps discovered:
D:1:      dpeg_arrival_ternary, layout_loops_ring,
          nicolae_ecumenical_snake_handling, minmay_vboxes
D:2:      layout_basic, basic_altar, uniq_crazy_yiuf_cottage
D:3:      layout_loops_corners
D:4:      kennysheep_slugbush, layout_rooms, minmay_temple_entry_arrows,
          minmay_surrounded
D:5:      layout_rooms, serial_corexii_hall, corexii_hall_statues_i,
          corexii_hall_statues_i, corexii_hall_statues_i,
          corexii_hall_statues_deadend, roderic_lattice_a, dk_vineyard_3,
          uniq_pikel
D:6:      layout_cave_pools, cheibrodos_sewer_entry_sluice, serial_shops,
          shop_statue
D:7:      layout_loops_corners, minmay_ruined_shrine
D:8:      wad_river_or_something, layout_rooms, serial_corexii_hall,
          corexii_hall_statues_x, chequers_hall_statues_wall_a,
          chequers_hall_statues_wall_a, corexii_hall_statues_x,
          corexii_corridor_pit
D:9:      layout_irregular_city, due_lair_maze_entry_diamond,
          kennysheep_diamond, minmay_misc_feat_encased, uniq_maurice, uniq_erica
D:10:     hellmonk_ruined_rings, layout_grid_maze, old_standard_altar,
          enter_bailey_5, nicolae_two_hexagons, the_hattery
D:11:     layout_roguey, serial_bayou, serial_bayou_shore_b,
          serial_bayou_lake_a, serial_bayou_pond_a, serial_bayou_shore_a,
          serial_bayou_crossing, uniq_fannar
D:12:     layout_cave_pools, erik_orc_4, gauntlet_entry_generic,
          portal_ice_cave_entry_ice_simulacra, minmay_misc_feat_iff, uniq_urug,
          uniq_sonja
Temple:   mainiacjoe_temple_starburst
Lair:1:   layout_cellular_growth, ebering_ghost_funeral_grove,
          gammafunk_lair_bear_cave, uniq_joseph
Lair:2:   layout_regular_city, swamp_mist_pool, nzn_ghost_randoct,
          serial_bayou_lagoon_a
Lair:3:   layout_cave_pods, guppyfry_snake_entry_garden, st_stairs_9,
          grunt_megastairs_4
Lair:4:   layout_cave_pods
Lair:5:   hangedman_lair_tendril_chambers, layout_small_grid,
          guppyfry_lair_end_dragon, nicolae_slime_entry_slimehenge,
          infiniplex_staircase_pool_2
IceCv:    ice_cave_small_necro

Skill      XL: |  1  2  3  4  5  6  7  8  9 10 11 12 13 14 |
---------------+-------------------------------------------+-----
Spellcasting   | 5 6 7 9 10 11 | 11.1
Stealth        | 6 7 8 9 10 11 | 11.5
Invocations    | 1 2 3 4 5 6 8 9 10 | 10.8
Fighting       | 1 2 3 5 6 7 9 |  9.9
Long Blades    | 1 2 3 5 6 7 9 |  9.9
Axes           | 1 2 3 5 6 7 9 |  9.9
Maces & Flails | 1 2 3 5 6 7 9 |  9.9
Polearms       | 1 2 3 5 6 7 9 |  9.9
Staves         | 1 2 3 5 6 7 9 |  9.9
Ranged Weapons | 1 2 3 5 6 7 9 |  9.9
Throwing       | 1 2 3 5 6 7 9 |  9.9
Armour         | 1 2 3 5 6 7 9 |  9.9
Shields        | 1 2 3 5 6 7 9 |  9.9
Unarmed Combat | 1 2 3 5 6 7 9 |  9.9
Evocations     | 1 2 3 5 6 7 9 |  9.9
Shapeshifting  | 1 2 3 4 5 6 7 8 9 |  9.1
Conjurations   | 1 2 3 4 5 6 7 8 |  8.3
Summonings     | 1 2 3 4 5 6 7 8 |  8.3
Necromancy     | 1 2 3 4 5 6 7 8 |  8.3
Translocations | 1 2 3 4 5 6 7 8 |  8.3
Fire Magic     | 1 2 3 4 5 6 7 8 |  8.3
Ice Magic      | 1 2 3 4 5 6 7 8 |  8.3
Air Magic      | 1 2 3 4 5 6 7 8 |  8.3
Earth Magic    | 1 2 3 4 5 6 7 8 |  8.3
Alchemy        | 1 2 3 4 5 6 7 8 |  8.3
Short Blades   | 3 4 5 6 8 9 10 | 10.3
Dodging        | 5 6 7 8 9 10 | 10.9
Hexes          | 6 7 8 9 10 | 10.0

Action                     |  1- 3 |  4- 6 |  7- 9 | 10-12 | 13-15 || total
---------------------------+-------+-------+-------+-------+-------++-------
  Melee: Dagger            |   135 |   190 |   261 |   772 |   641 ||  1999
         Bite              |    14 |    24 |    32 |    83 |    82 ||   235
         Punch             |     1 |     3 |     2 |    12 |       ||    18
  Throw: Throwing net      |       |       |       |       |     1 ||     1
   Cast: Ensorcelled Hiber |     9 |    52 |    54 |    73 |   174 ||   362
         Confusing Touch   |       |     1 |     9 |    36 |    23 ||    69
         Dazzling Flash    |       |     7 |     7 |    55 |    64 ||   133
         Tukima's Dance    |       |       |     4 |    12 |     1 ||    17
  Evoke: Wand              |       |       |       |    12 |    13 ||    25
    Use: Potion            |       |       |       |     4 |     4 ||     8
         Scroll            |       |       |       |       |    20 ||    20
   Stab: Sleeping          |    14 |    43 |    41 |    42 |   123 ||   263
         Paralysed         |       |     2 |       |    15 |    31 ||    48
         Invisible         |       |     5 |     5 |    46 |    64 ||   120
         Confused          |       |       |    10 |    26 |    23 ||    59
         Distracted        |       |       |     1 |     2 |     9 ||    12
 Armour: Robe              |    84 |     4 |       |       |       ||    88
         Leather armour    |       |   115 |   126 |   214 |   265 ||   720
  Dodge: Dodged            |    98 |   135 |   162 |   511 |   427 ||  1333
  Block: Buckler           |       |       |       |    74 |   181 ||   255
